 Dungeon Crawl Stone Soup version 0.21.0-3-g78d12a8 (webtiles) character file.

113 Monsterracer the Sneak (level 5, 0/32 HPs)
             Began as a Kobold Assassin on Jan 14, 2018.
             Slain by a mummy (11 damage)
             ... in an ossuary.
             The game lasted 00:05:56 (2599 turns).

Monsterracer the Sneak (Kobold Assassin)            Turns: 2599, Time: 00:05:57

Health: 0/32       AC:  3    Str:  8    XL:     5   Next: 17%
Magic:  5/5        EV: 15    Int: 13    God:
Gold:   99         SH:  0    Dex: 17    Spells: 4/4 levels left

rFire    . . .     SeeInvis .   a - +3 dagger
rCold    . . .     Gourm    .   (shield restricted)
rNeg     . . .     Faith    .   c - +0 robe
rPois    .         Spirit   .   (no helmet)
rElec    .         Reflect  .   d - +0 cloak
rCorr    .         Harm     .   (no gloves)
MR       .....                  (no boots)
Stlth    +++.......             q - amulet of magic regeneration
HPRegen  0.10/turn              (no ring)
MPRegen  0.34/turn              (no ring)

@: no status effects
A: small, carnivore
a: no special abilities


You were in an ossuary.
You were very full.

You visited 1 branch of the dungeon, and saw 4 of its levels.
You also visited: Ossuary.

You collected 99 gold pieces.

Inventory:

Hand Weapons
 a - a +3 dagger (weapon)
 b - a +0 blowgun
Missiles
 e - 6 poisoned needles
 f - 2 curare-tipped needles
Armour
 c - a +0 robe (worn)
 d - a +0 cloak (worn)
 j - a +0 buckler
Jewellery
 q - an amulet of magic regeneration (around neck)
Scrolls
 h - 2 scrolls of identify
 k - a scroll of blinking
Potions
 l - a potion of heal wounds
 m - a potion of curing
 o - a potion of agility
Comestibles
 g - 2 rations


   Skills:
 + Level 3.0 Fighting
 * Level 4.6 Short Blades
 - Level 2.1 Throwing
 + Level 2.5 Dodging
 + Level 6.0 Stealth
 + Level 0.3 Shields


You had 4 spell levels left.
You didn't know any spells.

Dungeon Overview and Level Annotations

Branches:
Dungeon (4/15)
 Temple: D:4-7

Altars:
Ashenzari

Annotations:
D:4 Monsterracer's ghost, amateur DDFi


Innate Abilities, Weirdness & Mutations

You are small and have problems with some larger weapons.
You are carnivorous and can eat meat at any time.


Message History

The jackal closely misses you. The jackal bites you.
* * * LOW HITPOINT WARNING * * *
You take 1 damage, and have 12/32 hp.
The jackal misses you.
You hit the jackal.
You kill the jackal!
The jackal closely misses you. The jackal barely misses you.
Found 16 gold pieces.
You completely miss the jackal. You hit the jackal but do no damage.
The jackal closely misses you.
You hit the jackal.
The jackal is moderately wounded.
The jackal bites you but does no damage.
The jackal closely misses you.
You closely miss the jackal.
The jackal is moderately wounded.
The jackal bites you but does no damage.
You puncture the jackal!
You kill the jackal!
A hound comes into view.
You start resting.
You regained 2 hp, and now have 15/32 hp.
You start resting.
You hear the hiss of an avalanche of sand nearby.
You start resting.
You hear the hiss of an avalanche of sand nearby.
You regained 5 hp, and now have 20/32 hp.
You start resting.
All of the chunks of flesh in your inventory have rotted away.
You hear the brisk hiss of an avalanche of sand nearby.
You regained 6 hp, and now have 26/32 hp.
You now have 99 gold pieces (gained 16).
Monsterracer's ghost (amateur Deep Dwarf Fighter) comes into view.
You see here a jackal corpse.
Monsterracer's ghost turns its malevolent gaze towards you.
The jackal barks!
There is a stone staircase leading up here.
Monsterracer's ghost completely misses you.
The jackal completely misses you. The jackal misses you.
The jackal closely misses you.
Monsterracer's ghost shouts, "Very impressive.
But it won't help.
Nothing will."
A hound skeleton comes into view.
The jackal completely misses you.
There is a sand-covered staircase here.
The jackal bites you but does no damage.
The hound skeleton barely misses you.
The world spins around you as you enter the gateway.
You enter an ossuary!
Found a gate leading back out of this place.
There is an empty arch of ancient stone here.
A hobgoblin zombie comes into view.
You regained 3 hp, and now have 31/32 hp.
A hobgoblin zombie is nearby!
Health restored: 32 An orc zombie comes into view.
The orc zombie moves out of view.
You hit the hobgoblin zombie.
The hobgoblin zombie is moderately damaged.
You hit the hobgoblin zombie.
You destroy the hobgoblin zombie! 2 mummies and 2 zombies come into view.
The orc zombie moves out of view.
The orc zombie misses you.
You hit the orc zombie.
The orc zombie is moderately damaged.
The orc zombie misses you.
You hit the orc zombie.
The orc zombie is heavily damaged.
The orc zombie closely misses you.
You hit the orc zombie.
The orc zombie is severely damaged.
You hit the orc zombie.
You destroy the orc zombie!
No target in view!
A kobold zombie comes into view.
Sorry, you're not good enough to have a special ability.
You hit the mummy but do no damage. The mummy barely misses you.
You hit the mummy.
The mummy is lightly damaged.
The mummy closely misses you.
You hit the mummy.
The mummy is moderately damaged.
The mummy hits you!
You take 9 damage, and have 23/32 hp.
MASSIVE DAMAGE!!
You hit the mummy.
The mummy is moderately damaged.
The mummy closely misses you.
A kobold zombie comes into view.
There is a gate leading back out of this place here.
You hit the mummy.
The mummy is heavily damaged.
You barely miss the mummy.
The mummy is heavily damaged.
The mummy hits you!
* * * LOW HITPOINT WARNING * * *
You take 12 damage, and have 11/32 hp.
MASSIVE DAMAGE!!
The mummy hits you!
You die...

#...Z#
#....#
#....#
#....#
#....#
#....#
#....#
#.MM.#
#.∩@.#
######


You could see 2 mummies.

Vanquished Creatures
  A hound (D:4)
  A worker ant (D:2)
  An adder (D:2)
  An adder skeleton (D:3)
  A worm (D:3)
  A dart slug (D:1)
  2 giant cockroaches
  7 goblins (D:1)
  4 hobgoblins
  4 jackals
  A quokka (D:2)
  6 bats
  3 frilled lizards
  A hobgoblin zombie (Ossuary)
  4 kobolds
  A leopard gecko skeleton (D:3)
  An orc zombie (Ossuary)
  5 rats
45 creatures vanquished.

Notes
Turn   | Place    | Note
-------+----------+-------------------------------------------
     0 | D:1      | Monsterracer the Kobold Assassin began the quest for the Orb.
     0 | D:1      | Reached XP level 1. HP: 12/12 MP: 1/1
   149 | D:1      | HP: 5/12 [goblin/club (2)]
   150 | D:1      | Reached XP level 2. HP: 8/18 MP: 2/2
   155 | D:1      | HP: 8/18 [dart slug (1)]
   166 | D:1      | HP: 7/18 [bat (1)]
   556 | D:1      | HP: 8/18 [hobgoblin/club (6)]
   746 | D:1      | Reached XP level 3. HP: 22/22 MP: 3/3
  1247 | D:2      | Found a shattered altar of Ashenzari.
  1463 | D:2      | HP: 10/22 [worker ant (7)]
  1466 | D:2      | Reached XP level 4. HP: 11/27 MP: 4/4
  1468 | D:2      | HP: 9/27 [poisoned by a worker ant]
  1475 | D:2      | HP: 6/27 [poisoned by a worker ant]
  1482 | D:2      | HP: 5/27 [poisoned by a worker ant]
  1490 | D:2      | HP: 4/27 [poisoned by a worker ant]
  2000 | D:3      | HP: 12/27 [adder (3)]
  2003 | D:3      | HP: 5/27 [poisoned by an adder]
  2010 | D:3      | HP: 7/27 [orc priest/divine providence (13)]
  2015 | D:3      | HP: 6/27 [poisoned by an adder]
  2023 | D:3      | HP: 13/27 [orc priest (2)]
  2029 | D:3      | HP: 7/27 [poisoned by an adder]
  2035 | D:3      | HP: 4/27 [poisoned by an adder]
  2043 | D:3      | HP: 3/27 [poisoned by an adder]
  2051 | D:3      | HP: 2/27 [poisoned by an adder]
  2080 | D:3      | You fall through a shaft!
  2249 | D:4      | HP: 10/27 [hound (4)]
  2251 | D:4      | HP: 2/27 [hound (4)]
  2252 | D:4      | Reached skill level 6 in Stealth
  2252 | D:4      | Reached XP level 5. HP: 3/32 MP: 5/5
  2286 | D:4      | Found a sand-covered staircase.
  2356 | D:4      | HP: 12/32 [jackal (1)]
  2498 | D:4      | Noticed Monsterracer's ghost (amateur DDFi)
  2513 | Ossuary  | Entered an ossuary
  2598 | Ossuary  | HP: 11/32 [mummy (12)]
  2599 | Ossuary  | Slain by a mummy

Skill      XL: |  1  2  3  4 |
---------------+-------------+-----
Short Blades   | 3 4 |  4.6
Dodging        | 2 |  2.5
Fighting       | 3 |  3.0
Stealth        | 6 |  6.0
Throwing       | |  2.1
Shields        | |  0.3

Action                   |  1- 3 |  4- 6 || total
-------------------------+-------+-------++-------
Melee: Dagger            |   104 |    51 ||   155
 Fire: Blowgun           |     2 |     3 ||     5
  Use: Scroll            |       |     6 ||     6
       Potion            |       |     2 ||     2
 Stab: Sleeping          |    12 |     3 ||    15
  Eat: Chunk             |    10 |     3 ||    13
Armor: Robe              |    34 |     6 ||    40
Dodge: Dodged            |    69 |    38 ||   107

Vault maps used:
D:1:      saegor_arrival_simple_a
D:2:      old_standard_altar
D:3:      minitemple, serial_undead, serial_undead_d, serial_undead_c,
          serial_undead_f, serial_undead_b, serial_undead_e, serial_undead_e,
          serial_undead_b, serial_undead_e, serial_undead_b, serial_undead_a,
          portal_sewer_entry_e
D:4:      minmay_wonky_spiral, okawaru_altar_gauntlet_db, first_ration,
          nicolae_ossuary_entry_monument, minmay_liquid_box,
          uniq_crazy_yiuf_cottage, uniq_duvessa, uniq_grinder
Ossuary:  ossuary_tomb_3
